 Dungeon Crawl Stone Soup version 0.18-a0-1685-g4482fe3 (webtiles) character file.

18212 namelastname112 the Archer (level 12, -6/108 HPs)
             Began as a Pale Draconian Warper on Apr 4, 2016.
             Was a High Priest of Dithmenos.
             Mangled by a hill giant
             ... wielding a +0 giant club
              (28 damage)
             ... on level 12 of the Dungeon.
             The game lasted 00:23:24 (13859 turns).

namelastname112 the Archer (Pale Draconian Warper) Turns: 13859, Time: 00:23:25

Health: -6/108     AC: 16    Str: 17    XL:     12   Next: 25%
Magic:  13/15      EV: 20    Int: 15    God:    Dithmenos [*****.]
Gold:   574        SH:  0    Dex: 19    Spells: 3 memorised, 8 levels left

rFire  + . .     SeeInvis .     g - +2 dagger (venom)
rCold  . . .     Gourm    .     (armour unavailable)
rNeg   . . .     Faith    .     (no shield)
rPois  .         Spirit   .     (helmet restricted)
rElec  .         Dismiss  .     j - +1 cloak
rCorr  .         Reflect  .     (no gloves)
SustAt .         Harm     .     (no boots)
MR     .....     Rnd*Rage +     (no amulet)
Stlth  ++++......               x - +2 ring of dexterity
                                l - +6 ring of protection

@: wreathed by umbra, not resistant to hostile enchantments, stealthy
A: breathe steam, unfitting armour, antennae 1, stinger 1, camouflage 1, agile
1, berserk 1, clever 1, fire resistance 1, mutation resistance 1, slow
regeneration 1, strong 1, cold-blooded, AC +8
a: Breathe Steam, Shadow Step, Shadow Form, Renounce Religion


You were on level 12 of the Dungeon.
You worshipped Dithmenos.
Dithmenos was extremely pleased with you.
You were not hungry.

You visited 2 branches of the dungeon, and saw 13 of its levels.
You also visited: Sewer.

You collected 600 gold pieces.
You spent 26 gold pieces at shops.

Inventory:

Hand Weapons
 g - a +2 dagger of venom (weapon)
 v - a -1 shortbow
Missiles
 a - 3 throwing nets
 d - 5 tomahawks of dispersal (quivered)
 A - 298 arrows
 D - 15 curare-tipped needles
 H - 24 arrows of dispersal
 K - 19 arrows of frost
Armour
 j - a +1 cloak (worn)
Jewellery
 l - a +6 ring of protection (left hand)
 x - a +2 ring of dexterity (right hand)
 y - an uncursed ring of see invisible
Wands
 q - a wand of confusion (32/48)
 t - a wand of iceblast (15/15)
 G - a wand of slowing (28/48)
 N - a wand of teleportation (5/9)
Scrolls
 c - 6 scrolls of blinking
 e - 3 scrolls of enchant armour
 h - 6 scrolls of remove curse
 i - 2 scrolls of enchant weapon
 n - 4 scrolls of identify
 u - 4 scrolls of amnesia
 w - 4 scrolls of recharging
 J - a scroll of fog
 L - 4 scrolls of magic mapping
 Q - a scroll of brand weapon {unknown}
 U - a scroll of summoning
Potions
 m - 3 potions of resistance
 o - 5 potions of flight
 p - 4 potions of curing
 r - a potion of brilliance
 s - a potion of lignification
 B - a potion of cancellation
 C - a potion of ambrosia
 E - a potion of berserk rage
 I - 3 potions of magic
 M - 2 potions of might
 O - a potion of invisibility
Books
 b - a book of Spatial Translocations

   Spells                             Type                      Level
   a - Apportation                    Translocation                1
   b - Blink                          Translocation                2
   c - Shroud of Golubria             Charms/Translocation         2
   d - Portal Projectile              Translocation                3
   e - Teleport Other                 Translocation                3
   f - Passage of Golubria            Translocation                4
 z - a book of Minor Magic

   Spells                             Type                      Level
   a - Magic Dart                     Conjuration                  1
   b - Blink                          Translocation                2
   c - Call Imp                       Summoning                    2
   d - Repel Missiles                 Charms/Air                   2
   e - Slow                           Hexes                        2
   f - Conjure Flame                  Conjuration/Fire             3
   g - Mephitic Cloud                 Conjuration/Poison/Air       3
Comestibles
 f - 8 bread rations
 k - 5 meat rations
 F - 7 royal jellies
 P - a beef jerky
 R - 2 fruits
 T - 4 chunks of flesh


   Skills:
 + Level 10.9 Fighting
 - Level 5.0 Short Blades
 * Level 11.2 Bows
 - Level 0.8 Throwing
 + Level 9.3 Dodging
 - Level 2.0 Spellcasting
 - Level 7.7 Translocations


You had 8 spell levels left.
You knew the following spells:

 Your Spells              Type           Power        Failure   Level  Hunger
a - Apportation           Tloc           ###.......   1%          1    #......
c - Blink                 Tloc           N/A          1%          2    ###....
x - Passage of Golubria   Tloc           N/A          12%         4    #####..


Dungeon Overview and Level Annotations

Branches:
Dungeon (12/15)            Temple (1/1) D:6            Lair (0/8) D:9
    Orc (0/2) D:11

Altars:
Ashenzari
Cheibriados
Dithmenos
Fedhas
Gozag
Makhleb
Nemelex Xobeh
Pakellas
Qazlal
Ru
Sif Muna
Trog
Xom
Yredelemnul
Zin
The Shining One

Shops:
D:10 :   D:11 *


Innate Abilities, Weirdness & Mutations

You can breathe blasts of scalding, opaque steam.
Your pale cyan-grey scales are hard (AC +8).
Your body does not fit into most forms of armour.
You are cold-blooded and may be slowed by cold attacks.
You have a pair of small antennae on your head.
Your tail ends in a poisonous barb.
Your skin changes colour to match your surroundings (Stealth).
You are agile. (Dex +2)
You tend to lose your temper in combat.
Your mind is acute. (Int +2)
Your flesh is heat resistant.
You are somewhat resistant to further mutation.
You regenerate slowly when monsters are visible.
Your muscles are strong. (Str +2)


Message History

The hill giant is lightly wounded.
You feel somewhat more hungry.
The hill giant is engulfed in a cloud of scalding steam.
You hit the hill giant. You tail-slap the hill giant.
The hill giant is poisoned.
The hill giant is moderately wounded.
The hill giant is engulfed in a cloud of scalding steam.
The hill giant hits you with a giant club!!!
* * * LOW HITPOINT WARNING * * *
You are too injured to fight recklessly!
You are too injured to fight recklessly!
The hill giant is engulfed in a cloud of scalding steam.
You see here a dagger.
You have got your breath back.
The hill giant looks more healthy.
Casting: Blink
Confirm with . or Enter, or press ? or * to list all spells.
You blink.
The hill giant hits you with a giant club!!
You die...

# #.....###'##...###... #
#.....#.............. #
#.....#.............. #
#.....#.....§........ +
#.....#...##)...# #
#.....#...##)...##. #
#.....#............. #
#.....#.....)........ #
#.....#..@........... #
#.....#..C########... +
#.....#..§##...####### #
#.....#........#.....#...
#
#.....#........#.....#....
#.....#........#.....#....
#.....#........#.....#....
#.....#+######.##.?.## ...
#.....#...####.##^..######


You could see a hill giant.

Vanquished Creatures
  A tengu warrior (D:8)
  2 unseen horrors
  3 hill giants
  2 ugly things (D:11)
  A deep elf mage (D:12)
  2 cyclopes
  2 centaur zombies (D:12)
  A troll (D:11)
  A two-headed ogre (D:9)
  A queen bee (D:10)
  3 slime creatures (D:12)
  A basilisk (D:9)
  7 yaks
  2 hippogriffs (D:10)
  A hungry ghost (D:12)
  Menkaure (D:7)
  A mottled dragon (D:10)
  2 porcupines (D:9)
  7 ice beasts
  A wasp (D:7)
  4 orc warriors
  A necrophage (D:6)
  7 ogres
  3 sky beasts
  A phantom (D:9)
  14 centaurs
  5 crocodiles
  8 giant frogs
  A wyvern zombie (D:9)
  A scorpion (D:8)
  12 wights
  30 killer bees
  5 howler monkeys
  7 crimson imps
  2 giant frog zombies
  3 jellies
  10 orc priests
  A gnoll shaman (D:4)
  6 hounds
  3 centaur skeletons
  Natasha (twice) (D:2)
  An iguana (D:4)
  15 orc wizards
  12 worker ants
  20 sheep
  A worker ant zombie (D:9)
  13 gnolls
  16 adders
  4 river rats
  7 shadow imps
  An ooze (D:7)
  2 adder zombies
  A worm (D:2)
  3 dart slugs
  5 giant geckos
  66 orcs
  7 ball pythons (Sewer)
  4 giant cockroaches
  5 goblins
  12 hobgoblins
  6 jackals
  8 quokkas
  5 bats
  A giant cockroach zombie (D:6)
  9 giant newts
  6 kobolds
  A quokka skeleton (D:4)
  A quokka zombie (D:6)
  15 rats
415 creatures vanquished.

Vanquished Creatures (others)
  A scorpion (D:4)
  2 orc wizards
  A worker ant (D:4)
  A giant cockroach (D:4)
  A bush (D:9)
  A fungus (D:9)
  8 plants (D:9)
15 creatures vanquished.

Grand Total: 430 creatures vanquished

Notes
Turn   | Place    | Note
--------------------------------------------------------------
     0 | D:1      | namelastname112 the Draconian Warper began the quest for the Orb.
     0 | D:1      | Reached XP level 1. HP: 17/17 MP: 3/3
    92 | D:1      | Reached XP level 2. HP: 23/25 MP: 5/5
   102 | D:1      | Learned a level 2 spell: Blink
   738 | D:2      | Reached XP level 3. HP: 30/30 MP: 6/6
   774 | D:2      | Noticed Natasha
   780 | D:2      | Killed Natasha
   794 | D:2      | Found a shattered altar of Ashenzari.
   957 | D:2      | Reached XP level 4. HP: 35/37 MP: 7/7
  1188 | D:2      | Found a burning altar of Makhleb.
  1249 | D:2      | Noticed Natasha
  1264 | D:2      | Killed Natasha
  1264 | D:2      | Reached XP level 5. HP: 34/45 MP: 8/8
  1405 | D:3      | Found a blossoming altar of Fedhas.
  1875 | D:3      | Found a glowing golden altar of the Shining One.
  1997 | D:4      | Found a shimmering altar of Xom.
  2012 | D:4      | Reached XP level 6. HP: 45/52 MP: 9/9
  2668 | D:4      | Your scales start taking on a pale cyan-grey colour.
  2668 | D:4      | Reached XP level 7. HP: 50/60 MP: 10/10
  2770 | D:4      | Reached skill level 5 in Translocations
  2789 | D:4      | Found a snail-covered altar of Cheibriados.
  3330 | D:5      | Entered Level 5 of the Dungeon
  3637 | D:5      | Reached skill level 5 in Fighting
  3640 | D:5      | Reached skill level 5 in Short Blades
  3651 | D:5      | Gained mutation: You are weak. (Str -2) [mutagenic meat]
  3652 | D:5      | Gained mutation: Your skin changes colour to match your surroundings (Stealth). [mutagenic meat]
  3653 | D:5      | Lost mutation: You are weak. (Str -2) [mutagenic meat]
  3655 | D:5      | Gained mutation: You regenerate slowly when monsters are visible. [mutagenic meat]
  3656 | D:5      | Gained mutation: You have a pair of small antennae on your head. [mutagenic meat]
  3979 | D:5      | Found an oddly glowing altar of Pakellas.
  4266 | D:5      | Found a sacrificial altar of Ru.
  4680 | D:6      | Learned a level 4 spell: Passage of Golubria
  4717 | D:6      | Reached skill level 1 in Bows
  4717 | D:6      | Reached XP level 8. HP: 68/68 MP: 11/11
  4877 | D:6      | Found a glowing drain.
  4898 | Sewer    | Entered a sewer
  5042 | Sewer    | Reached skill level 2 in Bows
  5320 | D:6      | Reached skill level 5 in Dodging
  5426 | D:6      | Found a staircase to the Ecumenical Temple.
  5467 | Temple   | Entered the Ecumenical Temple
  5510 | Temple   | Became a worshipper of Dithmenos the Shadowed
  5903 | D:6      | Reached skill level 3 in Bows
  6307 | D:7      | Reached XP level 9. HP: 71/75 MP: 12/12
  6353 | D:7      | Reached skill level 4 in Bows
  6379 | D:7      | Noticed Menkaure
  6383 | D:7      | Killed Menkaure
  6464 | D:7      | Reached * piety under Dithmenos
  6829 | D:7      | Reached skill level 5 in Bows
  7152 | D:8      | Noticed a tengu warrior
  7184 | D:8      | Killed a tengu warrior
  7184 | D:8      | Reached skill level 6 in Bows
  7510 | D:8      | Reached XP level 10. HP: 63/86 MP: 13/13
  7522 | D:8      | Reached ** piety under Dithmenos
  7663 | D:8      | Gained mutation: Your mind is acute. (Int +2) [mutagenic meat]
  7664 | D:8      | Gained mutation: You are agile. (Dex +2) [mutagenic meat]
  7666 | D:8      | Gained mutation: Your tail ends in a poisonous barb. [mutagenic meat]
  7667 | D:8      | Gained mutation: Your muscles are strong. (Str +2) [mutagenic meat]
  7668 | D:8      | Gained mutation: You tend to lose your temper in combat. [mutagenic meat]
  8092 | D:8      | Found a sparkling altar of Nemelex Xobeh.
  8183 | D:8      | Reached skill level 7 in Bows
  8680 | D:9      | Found a basalt altar of Yredelemnul.
  8738 | D:9      | Reached *** piety under Dithmenos
  8764 | D:9      | Reached skill level 8 in Bows
  9027 | D:9      | Found a staircase to the Lair.
  9504 | D:10     | Entered Level 10 of the Dungeon
  9504 | D:10     | Noticed a hill giant
  9510 | D:10     | Killed a hill giant
  9522 | D:10     | Reached XP level 11. HP: 93/97 MP: 14/14
  9661 | D:10     | Reached **** piety under Dithmenos
  9687 | D:10     | Reached skill level 9 in Bows
  9819 | D:10     | Found Owotokhlo's Book Shoppe.
 10412 | D:10     | Killed an unseen horror
 10771 | D:11     | Gained mutation: Your flesh is heat resistant. [mutagenic meat]
 10772 | D:11     | Gained mutation: You are somewhat resistant to further mutation. [mutagenic meat]
 10826 | D:11     | Noticed a white ugly thing
 10846 | D:11     | Killed a white ugly thing
 10858 | D:11     | Killed an unseen horror
 10881 | D:10     | HP: 4/99 [burnt (2)]
 11463 | D:11     | Noticed a purple ugly thing
 11506 | D:11     | Killed a purple ugly thing
 11506 | D:11     | Reached skill level 10 in Fighting
 11506 | D:11     | Reached skill level 10 in Bows
 11846 | D:11     | Found Ruguugif's Assorted Antiques.
 11854 | D:11     | Bought a coppery potion for 26 gold pieces
 11890 | D:11     | Noticed a hill giant
 11905 | D:11     | Reached ***** piety under Dithmenos
 11919 | D:11     | Killed a hill giant
 12266 | D:11     | Found a staircase to the Orcish Mines.
 12753 | D:12     | Reached XP level 12. HP: 107/107 MP: 15/15
 13347 | D:12     | Found a glowing silver altar of Zin.
 13414 | D:12     | Reached skill level 11 in Bows
 13859 | D:12     | Mangled by a hill giant

Vault maps used:
D:1:      dpeg_arrival_shrine
D:2:      makhleb_grotto_becter, grunt_decor_cap, nicolae_ashenzari_panopticon,
          uniq_natasha
D:3:      overflow_temple_1_default, nicolae_overflow_hidden_temple, first_bread
D:4:      cheibriados_altar_1, xom_confusion_cloud
D:5:      wad_crossroads, nicolae_ru_the_path_less_chosen,
          johnstein_pakellas_death_squad, serial_co_window_serial,
          co_window_paths_a, co_window_corner_a, co_window_paths_a,
          co_window_corner_a, co_window_paths_a, co_window_paths_a,
          co_window_of_opportunity_a, co_window_corner_b, co_window_2corner,
          co_window_of_opportunity_b, co_window_unsneaky_path_d,
          co_window_paths_d, glass_columns_c, glass_columns_b
D:6:      minmay_temple_entry_crystal_x, portal_sewer_entry_d
D:7:      uniq_menkaure
D:8:      serial_curves, eino_curves_03, eino_curves_03,
          nemelex_spade_bored_becter
D:9:      yredelemnul_altar_generic, minmay_lair_entry_grove
D:10:     serial_shops, shop_fountains, david_nohive_1
D:11:     hiddenorc1_lemuel, serial_shops, nicolae_shop_behind_doors
D:12:     basic_altar, kennysheep_generic_room_13
Temple:   oiseaux_autumnal_temple_12
Sewer:    sewer_co_cracked_pipes

Skill      XL: |  1  2  3  4  5  6  7  8  9 10 11 12 |
---------------+-------------------------------------+-----
Fighting       | 3 4 5 6 7 9 10 | 10.9
Dodging        | 3 4 5 6 7 9 |  9.3
Translocations | 4 5 6 7 |  7.7
Short Blades   | 3 4 5 |  5.0
Bows           | 1 3 6 8 10 11 | 11.2
Throwing       | |  0.8
Spellcasting   | |  2.0

Action                   |  1- 3 |  4- 6 |  7- 9 | 10-12 || total
-------------------------+-------+-------+-------+-------++-------
Melee: Short sword       |    55 |       |       |       ||    55
       Dagger            |    44 |   237 |   521 |   984 ||  1786
 Cast: Passage of Golubr |       |       |     1 |     1 ||     2
       Blink             |       |       |       |     2 ||     2
 Abil: Breathe Steam     |       |       |    22 |    42 ||    64
  Use: Scroll            |       |       |     4 |    21 ||    25
       Potion            |       |       |       |     3 ||     3
 Stab: Sleeping          |       |     2 |     8 |    14 ||    24
       Distracted        |       |       |     1 |     2 ||     3
  Eat: Chunk             |       |     6 |    21 |    37 ||    64
       Pizza             |       |       |     1 |       ||     1
       Royal jelly       |       |       |     1 |     1 ||     2
       Meat ration       |       |       |       |     1 ||     1
